 Dungeon Crawl Stone Soup version 0.23-a0-446-g036aa52 (webtiles) character file.

27956 Dfrag the Destroyer (level 13, -20/94 HPs)
             Began as a Demonspawn Fire Elementalist on Nov 18, 2018.
             Was a High Priest of Makhleb.
             Killed from afar by a rime drake (33 damage)
             ... with a flash freeze
             ... on level 4 of the Lair of Beasts.
             The game lasted 00:37:40 (13935 turns).

Dfrag the Destroyer (Demonspawn Fire Elementalist) Turns: 13935, Time: 00:37:42

Health: -20/94     AC:  8    Str: 10    XL:     13   Next: 7%
Magic:  37/37      EV: 11    Int: 21    God:    Makhleb [*****.]
Gold:   625        SH:  0    Dex: 13    Spells: 15/35 levels left

rFire    + . .     SeeInvis +   K - +3 scimitar (slice)
rCold    x . .     Gourm    .   (no shield)
rNeg     . . .     Faith    .   U - +1 leather armour of the Doldrums {+Blink} (curse)
rPois    .         Spirit   .   M - +1 helmet {SInv}
rElec    .         Reflect  .   (no cloak)
rCorr    .         Harm     .   (no gloves)
MR       .....                  (boots unavailable)
Stlth    ++........             S - amulet of Vitality {Regen+ HP+15}
HPRegen  0.65/turn              u - ring of fire
MPRegen  0.25/turn              L - ring of magical power

@: marked, barbed spikes, studying Long Blades
A: talons 3, thin metallic scales 1, demonic guardian 1, powered by pain 1
a: Minor Destruction, Lesser Servant of Makhleb, Major Destruction, Greater
Servant of Makhleb, Renounce Religion, Evoke Blink


You were on level 4 of the Lair of Beasts.
You worshipped Makhleb.
Makhleb was extremely pleased with you.
You were hungry.

You visited 3 branches of the dungeon, and saw 16 of its levels.
You also visited: Labyrinth and Volcano.

You collected 1000 gold pieces.
You spent 375 gold pieces at shops.

Inventory:

Hand Weapons
 K - a +3 scimitar of slicing (weapon)
Missiles
 N - 16 steel javelins (quivered)
Armour
 f - a +1 troll leather armour {Snorg}
 t - the +6 scale mail "Bonuuve" {Int+4 Dex+2, unknown}
   (You found it on level 3 of the Lair of Beasts)

   It affects your intelligence (+4).
   It affects your dexterity (+2).
 M - a +1 helmet of see invisible (worn)
 U - the cursed +1 leather armour of the Doldrums (worn) {+Blink}
   (You found it in a labyrinth)

   It lets you blink.
   It has a curse placed upon it.
Magical Staves
 X - an uncursed staff of wizardry
Jewellery
 p - the ring of Yfregguof {+Inv AC+3}
   (You took it off a minotaur in a labyrinth)

   [ring of protection]

   It affects your AC (+3).
   It lets you turn invisible.
 u - a ring of fire (left hand)
 A - an uncursed ring of protection from cold
 F - an uncursed amulet of the gourmand
 G - an uncursed amulet of faith {unknown}
 L - a ring of magical power (right hand)
 O - an uncursed ring of see invisible
 Q - an uncursed ring of fire
 S - the amulet of Vitality (around neck) {Regen+ HP+15}
   (You found it in a labyrinth)

   [amulet of regeneration]

   It affects your health (+15).
   It increases your rate of regeneration.
Wands
 C - a wand of acid (21)
 J - a wand of clouds (2)
 T - a wand of disintegration (11)
 Z - a wand of scattershot (10)
Scrolls
 a - 4 scrolls of teleportation
 d - 3 scrolls of enchant armour
 g - 2 scrolls of random uselessness {unknown}
 h - 3 scrolls of enchant weapon
 j - 3 scrolls of amnesia {unknown}
 o - a scroll of magic mapping {unknown}
 w - 6 scrolls of remove curse
 y - a scroll of vulnerability {unknown}
 B - 4 scrolls of fog
 E - 4 scrolls of torment {unknown}
 I - 2 scrolls of immolation
 R - a scroll of identify
Potions
 b - 2 potions of brilliance {unknown}
 e - 3 potions of heal wounds
 i - 4 potions of berserk rage
 k - a potion of mutation
 l - 6 potions of curing
 m - 5 potions of might
 q - a potion of ambrosia {unknown}
 r - a potion of resistance {unknown}
 s - 3 potions of invisibility
 v - 2 potions of agility {unknown}
 x - 4 potions of magic
 D - a potion of degeneration {unknown}
 H - 4 potions of flight {unknown}
 P - a potion of cancellation {unknown}
 V - 2 potions of lignification
 Y - a potion of haste {unknown}
Books
 n - a manual of Long Blades
Comestibles
 c - 24 rations
 z - a chunk of flesh


   Skills:
 - Level 1.7 Dodging
 - Level 1.7 Stealth
 + Level 11.9 Spellcasting
 + Level 12.7 Conjurations
 + Level 12.0 Fire Magic


You had 15 spell levels left.
You knew the following spells:

 Your Spells              Type           Power        Failure   Level  Hunger
a - Flame Tongue          Conj/Fire      #####        1%          1    None
b - Conjure Flame         Conj/Fire      #######.     1%          3    None
c - Sticky Flame          Conj/Fire      #######.     1%          4    None
d - Fireball              Conj/Fire      #######...   1%          5    ####...
e - Mephitic Cloud        Conj/Pois/Air  ####....     3%          3    None
f - Iskenderun's Mystic   Conj           ######..     1%          4    None

Your spell library contained the following spells:

 Spells                   Type           Power        Failure   Level  Hunger
 Magic Dart               Conj           ####         1%          1    None
 Searing Ray              Conj           ######       1%          2    None
 Throw Flame              Conj/Fire      ######       1%          2    None
 Dazzling Spray           Conj/Hex       #####.       1%          3    None
 Inner Flame              Hex/Fire       ######..     1%          3    None
 Static Discharge         Conj/Air       #####...     1%          3    None
 Force Lance              Conj/Tloc      #####...     5%          4    None
 Fulminant Prism          Conj/Hex       #####.....   5%          4    None
 Animate Skeleton         Necr           N/A          8%          1    None
 Confusing Touch          Hex            ##....       8%          1    None
 Infusion                 Chrm           ##..         8%          1    None
 Pain                     Necr           ##..         8%          1    None
 Summon Small Mammal      Summ           ##..         8%          1    None
 Call Imp                 Summ           ##......     11%         2    None
 Poisonous Vapours        Pois/Air       ##....       11%         2    None
 Shroud of Golubria       Chrm/Tloc      ##........   11%         2    None
 Song of Slaying          Chrm           ##......     11%         2    None
 Irradiate                Conj/Tmut      #####.....   14%         5    ####...
 Lightning Bolt           Conj/Air       #####.....   14%         5    ####...
 Call Canine Familiar     Summ           ##......     22%         3    None
 Confuse                  Hex            ##......     22%         3    None
 Gell's Gravitas          Tloc           ##........   22%         3    None
 Regeneration             Chrm/Necr      ##........   22%         3    None
 Spectral Weapon          Hex/Chrm       ##......     22%         3    None
 Summon Guardian Golem    Hex/Summ       ##......     22%         3    None
 Vampiric Draining        Necr           ##........   22%         3    None
 Animate Dead             Necr           N/A          58%         4    None
 Petrify                  Tmut/Erth      ##......     58%         4    None
 Summon Ice Beast         Ice/Summ       ##......     58%         4    None
 Summon Lightning Spire   Summ/Air       ##......     58%         4    None
 Freezing Cloud           Conj/Ice/Air   ####......   89%         6    #####..
 Metabolic Englaciation   Hex/Ice        ##........   90%         5    ####...
 Yara's Violent Unravell  Hex/Tmut       ##........   90%         5    ####...
 Ignition                 Fire           #######...   98%         8    #######
 Ring of Flames           Chrm/Fire      ######....   99%         7    #######
 Hydra Form               Tmut           ##........   100%        6    #####..
 Statue Form              Tmut/Erth      ##.......    100%        6    #####..
 Dragon Form              Tmut           ##........   100%        7    #######
 Shatter                  Erth           ##........   100%        9    #######
 Tornado                  Air            ##........   100%        9    #######


Dungeon Overview and Level Annotations

Branches:
Dungeon (11/15)            Temple (1/1) D:4            Lair (4/6) D:11
 Shoals (0/4) Lair:3          Orc (0/2) D:11
  Snake: Lair:2-4    Spider: Lair:2-4

Altars:
Ashenzari
Cheibriados
Elyvilon
Gozag
Hepliaklqana
Kikubaaqudgha
Makhleb
Nemelex Xobeh
Okawaru
Qazlal
Ru
Sif Muna
Uskayaw
Vehumet
Xom
Yredelemnul
Zin
The Shining One

Shops:
D:8 =   D:11 [


Innate Abilities, Weirdness & Mutations

You have claws for feet.
You are partially covered in thin metallic scales. (AC +2)
A weak demonic guardian rushes to your aid.
You sometimes gain a little power by taking damage.


Message History

The barbed spikes dig painfully into your body as you move.
The bush is engulfed in blazing flames. x2
Your iron imp closely misses the rime drake.
Unknown command.
Unknown command.
The barbed spikes dig painfully into your body as you move.
The ice encasing you melts away.
The bush is engulfed in blazing flames. x2
The catoblepas breathes a plume of calcifying dust at you.
The blast of calcifying dust hits you!
* * * LOW HITPOINT WARNING * * *
You focus on the pain.
You feel your power returning.
Your iron imp hits the rime drake.
The barbed spikes dig painfully into your body as you move.
* * * LOW HITPOINT WARNING * * *
Your surroundings seem slightly different.
The bush is engulfed in blazing flames. x2
The rime drake breathes ice at you. The flash freeze hits you!
You feel a painful chill!
You die...

#....#....##≈..Y.§..≈##..
#.........#.≈..§.≈..≈.#..
#....#.?§§#.#≈≈$.#..
##....#Y..##.##..H#..
##...§.#####...#####..
#.#.§§....#....#......
##....§§.§PH...#......
##....§.§P...........
#...@...Y............
#...k.........÷......
#...F5...............
##...................
#......>.......÷[...
#...................
#...................
#>..................
#...................


You could see a catoblepas, a rime drake, a bullfrog and a friendly iron imp.

Vanquished Creatures
  A minotaur (Lab)
  Harold (D:8)
  2 hydras
  A catoblepas (Lair:4)
  A two-headed ogre (D:8)
  An unseen horror (D:11)
  2 skeletal warriors (Volcano)
  An anaconda skeleton (Volcano)
  A manticore (Lair:4)
  A black mamba (Lair:1)
  9 elephants (Lair:3)
  3 gargoyles (Volcano)
  A rime drake (Lair:4)
  2 komodo dragons
  4 spiny frogs
  A troll (D:10)
  A hornet (D:11)
  A polar bear (Lair:3)
  Prince Ribbit (D:5)
  5 hippogriffs
  3 flying skulls (Volcano)
  Sigmund (D:3)
  An alligator skeleton (Volcano)
  A wyvern (Lair:2)
  22 yaks
  A basilisk (Lair:3)
  A soldier ant (D:11)
  2 water moccasins (Lair:1)
  2 sky beasts
  4 porcupines
  6 orc warriors
  2 phantoms (D:5)
  3 ice beasts
  5 ogres
  13 wolves
  3 centaurs
  8 crocodiles
  9 bullfrogs
  A big kobold (D:8)
  Blork the orc (D:5)
  A wyvern zombie (D:9)
  A scorpion (D:9)
  A water moccasin skeleton (D:9)
  5 killer bees (D:10)
  4 wights (D:8)
  A troll skeleton (Volcano)
  4 howler monkeys (D:8)
  4 centaur zombies
  2 crimson imps
  2 quasits
  2 hounds
  2 jellies
  A bullfrog skeleton (D:9)
  A gnoll shaman (D:7)
  8 orc priests
  A centaur skeleton (D:11)
  3 iguanas
  Natasha (twice) (D:2 D:3)
  10 orc wizards
  5 worker ants
  A naga skeleton (Volcano)
  2 hound skeletons
  8 gnolls
  9 adders
  A shadow imp (D:5)
  2 oozes (D:1)
  An adder zombie (D:5)
  2 worms
  A dart slug (D:1)
  2 leopard geckos
  26 orcs
  7 bats
  4 giant cockroaches
  7 hobgoblins
  12 jackals
  4 quokkas
  A ball python (D:6)
  3 frilled lizards
  2 goblins (D:1)
  10 kobolds
  10 rats
304 creatures vanquished.

Vanquished Creatures (collateral kills)
  Snorg (Lair:3)
  Pikel (D:6)
  A harpy skeleton (Volcano)
  A hippogriff (D:7)
  3 yaks
  A hungry ghost (D:11)
  Menkaure (D:5)
  A porcupine (Lair:1)
  2 bullfrogs
  2 orc priests
  A bullfrog skeleton (D:8)
  2 leopard geckos
  8 orcs
  A giant cockroach (D:4)
  A goblin (D:3)
27 creatures vanquished.

Vanquished Creatures (others)
  A leopard gecko (D:6)
  A giant cockroach (D:6)
  2 fungi
  3 plants (D:11)
7 creatures vanquished.

Grand Total: 338 creatures vanquished

Notes
Turn   | Place    | Note
-------+----------+-------------------------------------------
     0 | D:1      | Dfrag the Demonspawn Fire Elementalist began the quest for
                  | the Orb.
     0 | D:1      | Reached XP level 1. HP: 13/13 MP: 3/3
   139 | D:1      | Gained mutation: A weak demonic guardian rushes to your
                  | aid. [demonic ancestry]
   139 | D:1      | Reached XP level 2. HP: 9/19 MP: 0/5
   684 | D:2      | Reached XP level 3. HP: 24/24 MP: 3/6
   962 | D:2      | Noticed Natasha
   965 | D:2      | Killed Natasha
   965 | D:2      | Gained mutation: You are partially covered in thin metallic
                  | scales. (AC +2) [demonic ancestry]
   965 | D:2      | Reached XP level 4. HP: 9/30 MP: 3/8
  1476 | D:2      | Learned a level 3 spell: Conjure Flame
  1481 | D:2      | Learned a level 4 spell: Sticky Flame
  1675 | D:3      | Noticed Sigmund
  1686 | D:3      | Killed Sigmund
  1686 | D:3      | Gained mutation: You sometimes gain a little power by
                  | taking damage. [demonic ancestry]
  1686 | D:3      | Reached XP level 5. HP: 13/35 MP: 0/10
  2124 | D:3      | Reached XP level 6. HP: 38/41 MP: 5/11
  2338 | D:3      | Noticed Natasha
  2343 | D:3      | Killed Natasha
  2872 | D:4      | Found a staircase to the Ecumenical Temple.
  2883 | Temple   | Entered the Ecumenical Temple
  2926 | Temple   | Became a worshipper of Makhleb the Destroyer
  3269 | D:5      | Entered Level 5 of the Dungeon
  3272 | D:5      | Noticed Blork the orc
  3280 | D:5      | Killed Blork the orc
  3280 | D:5      | Reached XP level 7. HP: 46/46 MP: 8/13
  3355 | D:5      | Reached skill level 5 in Fire Magic
  3433 | D:5      | Noticed Menkaure
  3464 | D:5      | Killed Menkaure
  3617 | D:5      | Reached skill level 5 in Conjurations
  3644 | D:5      | Reached skill level 5 in Spellcasting
  3676 | D:5      | Reached * piety under Makhleb
  3968 | D:5      | Reached XP level 8. HP: 13/52 MP: 1/15
  4109 | D:5      | Noticed Prince Ribbit
  4117 | D:5      | Killed Prince Ribbit
  4576 | D:6      | Noticed Pikel
  4849 | D:7      | Noticed a hippogriff
  4865 | D:7      | Killed a hippogriff
  4970 | D:7      | Found a sparkling altar of Nemelex Xobeh.
  5338 | D:6      | Learned a level 5 spell: Fireball
  5636 | D:6      | Killed Pikel
  5636 | D:6      | Gained mutation: You have sharp toenails. [demonic
                  | ancestry]
  5636 | D:6      | Reached XP level 9. HP: 31/57 MP: 4/18
  5682 | D:6      | Reached ** piety under Makhleb
  6466 | D:8      | Found Qecimn's Jewellery Boutique.
  6617 | D:8      | Noticed Harold
  6625 | D:8      | Identified the cursed +0 quarterstaff of the Hero {venom,
                  | Dex+4}
  6993 | D:8      | Bought an uncursed ring of fire for 375 gold pieces
  7022 | D:8      | Noticed a two-headed ogre
  7053 | D:8      | Killed a two-headed ogre
  7053 | D:8      | Reached XP level 10. HP: 26/63 MP: 4/21
  7246 | D:8      | Killed Harold
  7713 | D:9      | You fall through a shaft for 2 floors!
  7717 | D:11     | Reached *** piety under Makhleb
  7799 | D:11     | Noticed an unseen horror
  7803 | D:11     | Killed an unseen horror
  7862 | D:11     | Found a labyrinth entrance.
  7873 | Lab      | Entered a labyrinth
  8028 | Lab      | Identified the ring of Yfregguof {+Inv AC+3}
  8028 | Lab      | Noticed a minotaur
  8041 | Lab      | Killed a minotaur
  8079 | Lab      | Found the amulet of Vitality {Regen+ HP+15}
  8080 | Lab      | Got a transparent leather armour
  8092 | Lab      | Identified the cursed +1 leather armour of the Doldrums
                  | {+Blink} (You found it in a labyrinth)
  8417 | D:11     | Gained mutation: You have razor-sharp toenails. [demonic
                  | ancestry]
  8417 | D:11     | Reached XP level 11. HP: 68/68 MP: 17/24
  8419 | D:11     | Reached skill level 10 in Conjurations
  8602 | D:11     | Found a staircase to the Lair.
  8632 | D:11     | Found Jisunat's Armour Emporium.
  8766 | D:11     | Found a staircase to the Orcish Mines.
  8871 | D:10     | Entered Level 10 of the Dungeon
  9105 | D:10     | Reached **** piety under Makhleb
  9981 | Lair:1   | Entered Level 1 of the Lair of Beasts
 10028 | Lair:1   | Reached skill level 10 in Fire Magic
 10158 | Lair:1   | Reached skill level 10 in Spellcasting
 10225 | Lair:1   | Learned a level 3 spell: Mephitic Cloud
 10230 | Lair:1   | Learned a level 4 spell: Iskenderun's Mystic Blast
 11356 | Lair:2   | Noticed a four-headed hydra
 11370 | Lair:2   | Killed a four-headed hydra
 11882 | Lair:3   | Reached XP level 12. HP: 74/74 MP: 12/26
 12074 | Lair:3   | Noticed an eight-headed hydra
 12089 | Lair:3   | Killed an eight-headed hydra
 12249 | Lair:3   | Reached ***** piety under Makhleb
 12312 | Lair:3   | Found a staircase to the Shoals.
 12414 | Lair:3   | Noticed Snorg
 12699 | Lair:3   | Killed Snorg
 12734 | Lair:3   | Got a translucent scale mail
 12962 | Lair:4   | Noticed a catoblepas
 13108 | Lair:4   | Found a dark tunnel.
 13118 | Volcano  | Entered a volcano
 13779 | Lair:4   | Gained mutation: You have claws for feet. [demonic
                  | ancestry]
 13779 | Lair:4   | Reached XP level 13. HP: 79/79 MP: 11/28
 13935 | Lair:4   | Killed from afar by a rime drake

Vault maps used:
D:1:      ncdulo_smallfort
D:2:      kennysheep_doodads, uniq_natasha
D:3:      first_ration, uniq_sigmund
D:4:      minmay_temple_entry_overgrown, minivault_11
D:5:      minmay_misc_feat_four_crosses, minmay_manual_mail, uniq_blork_the_orc,
          uniq_menkaure, uniq_prince_ribbit1
D:6:      chequers_decorated_corner, uniq_pikel
D:7:      kennysheep_little_box
D:8:      kennysheep_ambush_hall, serial_shops, shop_statue, uniq_harold
D:11:     david_lair_shrubbed, david_orc_4, serial_shops, shop,
          lab_entry_generic
Temple:   nicolae_temple_the_god_donut
Lair:1:   serial_bayou_shore_b, grunt_megastairs_4, infiniplex_staircase_pool_2,
          lemuel_fruit_tree
Lair:3:   elwin_shoals_entry_rocks, uniq_snorg
Lair:4:   nzn_motion_control, dummy_spider_entry,
          lightli_volcano_entry_magma_tube, minmay_lair_oklob_chamber
Lab:      labyrinth_watery, nicolae_lab_quarters, nicolae_lab_statue
Volcano:  volcano_tomb

Skill      XL: |  1  2  3  4  5  6  7  8  9 10 11 12 |
---------------+-------------------------------------+-----
Fire Magic     | 3 4 5 6 8 9 10 12 | 12.0
Conjurations   | 2 3 4 5 6 8 9 11 12 | 12.7
Spellcasting   | 3 4 5 6 7 9 10 11 | 11.9
Dodging        | |  1.7
Stealth        | |  1.7

Action                   |  1- 3 |  4- 6 |  7- 9 | 10-12 | 13-15 || total
-------------------------+-------+-------+-------+-------+-------++-------
Melee: Unarmed           |    56 |    17 |       |       |       ||    73
       Falchion          |       |    34 |       |       |       ||    34
       Spear             |       |       |    43 |       |       ||    43
       Halberd           |       |       |    40 |     4 |       ||    44
       Kick              |       |       |    12 |       |       ||    12
       Scimitar          |       |       |       |   105 |       ||   105
 Cast: Flame Tongue      |    44 |    74 |   114 |    97 |       ||   329
       Sticky Flame      |       |     6 |    23 |   102 |     2 ||   133
       Fireball          |       |       |     8 |    62 |     6 ||    76
 Abil: Evoke Blink       |       |       |       |     1 |       ||     1
Evoke: Wand              |       |       |    14 |     3 |     3 ||    20
  Use: Scroll            |       |       |    10 |     7 |     1 ||    18
       Potion            |       |       |     2 |     2 |       ||     4
 Stab: Sleeping          |       |       |     1 |       |       ||     1
       Distracted        |       |       |       |     1 |       ||     1
  Eat: Chunk             |     1 |     9 |    16 |    35 |     2 ||    63
       Ration            |       |       |       |     1 |       ||     1
Armor: Robe              |     6 |    33 |    67 |    19 |       ||   125
       Skin              |       |       |     4 |    14 |       ||    18
       Leather armour    |       |       |       |    69 |       ||    69
Dodge: Dodged            |    52 |    69 |   121 |   142 |       ||   384
       Rpst.: Falchion   |       |    13 |       |       |       ||    13
       Scimitar          |       |       |       |    31 |       ||    31

Table legend:
 A = Non-vault XP
 B = Vault XP
 C = Vault XP percentage of total XP
 D = Non-vault monster count
 E = Vault monster count
 F = Vault count percentage of total count
                 A         B        C        D         E       F
            +---------+---------+-------+---------+---------+-------
      Total |   25690 |   14248 |  35.7 |     277 |      54 |  16.3
            +---------+---------+-------+---------+---------+-------
        D:1 |      35 |       0 |   0.0 |      17 |       0 |   0.0
        D:2 |      59 |      36 |  37.9 |      21 |       1 |   4.5
        D:3 |     148 |     156 |  51.3 |      24 |       1 |   4.0
        D:4 |     224 |       0 |   0.0 |      19 |       0 |   0.0
        D:5 |     598 |     424 |  41.5 |      20 |       5 |  20.0
        D:6 |     457 |     610 |  57.2 |      11 |       1 |   8.3
        D:7 |     416 |       0 |   0.0 |       9 |       0 |   0.0
        D:8 |    1437 |    2087 |  59.2 |      31 |       7 |  18.4
        D:9 |     912 |       0 |   0.0 |      15 |       0 |   0.0
       D:10 |    1556 |       0 |   0.0 |      27 |       0 |   0.0
       D:11 |    2831 |    1154 |  29.0 |      12 |      15 |  55.6
     Lair:1 |    2312 |    1369 |  37.2 |      11 |       7 |  38.9
     Lair:2 |    3222 |       0 |   0.0 |      18 |       0 |   0.0
     Lair:3 |    8733 |    1126 |  11.4 |      29 |       1 |   3.3
     Lair:4 |    2750 |    1491 |  35.2 |      13 |       2 |  13.3
        Lab |       0 |    1175 | 100.0 |       0 |       1 | 100.0
    Volcano |       0 |    4620 | 100.0 |       0 |      13 | 100.0
            +---------+---------+-------+---------+---------+-------
